Cogmind - Beta 9.1 @@@ ROGUE MODE // 2019.11.02 @ 13:33:33 Player: Blind Ryan Result: Destroyed by G-47 Trooper with Particle Gun Performance ------------- Evolutions (1) 500 Regions Visited (2) 400 Robots Destroyed (17) 85 Value Destroyed (394) 394 Prototype IDs (0) 0 Alien Tech Used (0) 0 Bonus (0) 0 TOTAL SCORE: 1379 Bonus ------- None Cogmind --------- Core Integrity 0/400 Matter 300/300 Energy 100/100 System Corruption 7% Temperature Cool (18) Location -9/Materials Parts ------- Power (1) Propulsion (3) Utility (3) Medium Storage Unit Weapon (2) Heavy Mace Inventory (8) Ion Engine Aluminum Leg Aluminum Leg Wheel Wheel Visual Processing Unit Grenade Launcher Heavy Mace Peak State ------------ Power Improved Ion Engine Propulsion Wheel Wheel Compact Wheel Utility Medium Storage Unit Visual Processing Unit Improved Sensor Array Weapon Heavy Mace Inventory Ion Engine Aluminum Leg Aluminum Leg Wheel Wheel Visual Processing Unit Grenade Launcher Heavy Mace [Rating: 14] Favorites ----------- Power Ion Engine Engine Ion Engine Propulsion Wheel Treads Light Treads Leg Aluminum Leg Wheel Wheel Utility Medium Storage Unit Device Sensor Array Storage Medium Storage Unit Processor Visual Processing Unit Protection Light Armor Plating Weapon Maul Energy Gun Medium Laser Impact Weapon Maul Build | -11 -10 -9 ------- Run | Scr Mat Mat Slots Evolved 2 | . . 2 Power . | . . . Propulsion 1 | . . 1 Utility 1 | . . 1 Weapon . | . . . Parts Attached 22 | 6 10 6 Power 3 | 1 1 1 Engine 3 | 1 1 1 Core . | . . . Reactor . | . . . Propulsion 8 | 2 5 1 Treads 2 | 2 . . Leg 2 | . 2 . Wheel 4 | . 3 1 Hover . | . . . Flight . | . . . Utility 6 | 1 2 3 Device 2 | . . 2 Storage 2 | 1 1 . Processor 1 | . 1 . Hackware . | . . . Protection 1 | . . 1 Artifact . | . . . Weapon 5 | 2 2 1 Energy Gun 2 | 2 . . Energy Cannon . | . . . Ballistic Gun . | . . . Ballistic Cannon . | . . . Launcher . | . . . Special Weapon . | . . . Impact Weapon 3 | . 2 1 Slashing Weapon . | . . . Piercing Weapon . | . . . Special Melee Weapon . | . . . Unidentified Prototypes . | . . . Parts Lost 8 | . 1 7 Power 1 | . . 1 Propulsion 4 | . 1 3 Utility 3 | . . 3 Weapon . | . . . Highest Loss Streak 5 | . 1 5 Average Slot Usage (%) 85 | . 96 75 Engine 11 | . 14 9 Treads 6 | . 14 . Leg 2 | . 5 . Wheel 17 | . 7 27 Device 3 | . . 6 Storage 12 | . 14 11 Processor 9 | . 12 6 Impact Weapon 17 | . 24 11 Naked Turns . | . . . Heaviest Build 21 | 13 19 21 Greatest Support 40 | 40 40 36 Greatest Overweight (x) 3 | . . 3 Average Overweight (x) . | . . . Largest Inventory Capacity 8 | 6 8 8 Average Capacity 7 | 5 7 8 Most Carried 8 | 4 7 8 Average Carried 5 | 2 4 7 Final Capacity 8 | 6 8 8 Final Carried 8 | 3 7 8 Class Distribution -------------------- 95% | Mutant 4% | Scavenger-Mutant Dominant Class ---------------- Mutant | -10/Materials Mutant | -9/Materials Resources | -11 -10 -9 ----------- Run | Scr Mat Mat Matter Collected 426 | 260 100 66 Remotely . | . . . Salvage Created 586 | . 223 363 Parts 21 | . 8 13 Haulers Intercepted . | . . . Recyclers Shooed 1 | . 1 . Parts Field Recycled . | . . . Retrieved Matter . | . . . Parts Self-Destructed . | . . . Prevented . | . . . Kills | -11 -10 -9 ------- Run | Scr Mat Mat Combat Hostiles Destroyed 9 | . 2 7 Melee 5 | . 2 3 Classes Destroyed 8 | . 5 3 Worker 3 | . 1 2 Builder 1 | . 1 . Recycler 1 | . 1 . Operator 2 | . . 2 Watcher 1 | . 1 . Grunt 7 | . 2 5 Brawler 1 | . . 1 Sentry 1 | . . 1 Best Kill Streak 4 | . 4 3 Combat Bots Only 3 | . 1 3 Max Kills in Single Turn 1 | . 1 1 Gunslinging . | . . . Exploded . | . . . Melee 1 | . 1 1 Uniques/NPCs Destroyed . | . . . Combat | -11 -10 -9 -------- Run | Scr Mat Mat Damage Taken 1266 | . 359 907 Core 483 | . 72 411 Absorbed by Shields . | . . . Core Remaining (%) 85 | 100 71 . Volleys Fired . | . . . Largest . | . . . Hottest . | . . . Shots Fired . | . . . Gun . | . . . Cannon . | . . . Launcher . | . . . Special . | . . . Kinetic . | . . . Thermal . | . . . Explosive . | . . . Electromagnetic . | . . . Robot Hit Streak . | . . . Robot Miss Streak . | . . . Penetration Max . | . . . Secondary Targets . | . . . Shots Hit Robots 49 | . 17 32 Core Hits 10 | . 4 6 Critical Hits . | . . . Critical Kills . | . . . Critical Parts Destroyed . | . . . Melee Attacks 63 | . 26 37 Impact 63 | . 26 37 Slashing . | . . . Piercing . | . . . Sneak Attacks 7 | . 3 4 Combat Hostiles . | . . . Follow-up Attacks 2 | . 2 . Damage Inflicted 1673 | . 579 1094 Guns . | . . . Cannons . | . . . Explosions . | . . . Melee 1673 | . 579 1094 Ramming . | . . . Kinetic . | . . . Thermal . | . . . Explosive . | . . . Electromagnetic . | . . . Impact 1673 | . 579 1094 Slashing . | . . . Piercing . | . . . Highest Corruption 7 | . . 7 Average Corruption 6 | . . 6 Corruption Purged . | . . . Effects 6 | . . 6 Message Errors 1 | . . 1 Matter Fused 1 | . . 1 Data Loss (minor) 1 | . . 1 Targeting Errors 3 | . . 3 Overload Shots . | . . . Overflow Damage 292 | . 144 148 Projectiles . | . . . Explosions . | . . . Melee 292 | . 144 148 Knockbacks 7 | . 2 5 Impact 7 | . 2 5 Kinetic . | . . . Secondary . | . . . Self-Inflicted Damage . | . . . Shots . | . . . Rammed . | . . . Targets Rammed . | . . . Kicked . | . . . Crushed . | . . . Highest Temperature . | . . . Average Temperature . | . . . Received Heat Transfer 633 | . 201 432 Siege Activations . | . . . Robots Corrupted . | . . . Combat Hostiles . | . . . Parts Fried 7 | . . 7 Impact Corruptions 17 | . 6 11 Robots Melted . | . . . Combat Hostiles . | . . . Parts Melted . | . . . Heat Transferred . | . . . Parts Sabotaged . | . . . Parts Stolen . | . . . Parts Stripped . | . . . Power Chain Reactions . | . . . Missiles Intercepted . | . . . Alert | -11 -10 -9 ------- Run | Scr Mat Mat Peak Influence 217 | . 102 217 Average Influence 80 | . 52 130 Maximum Alert Level 1 | . . 1 Low Security (%) 96 | . . . Level 1 3 | . . . Level 2 . | . . . Level 3 . | . . . Level 4 . | . . . Level 5 . | . . . High Security . | . . . Max Security . | . . . Squads Dispatched 3 | . 1 2 Investigation 1 | . 1 . Extermination . | . . . Reinforcement 2 | . . 2 Assault . | . . . Garrison . | . . . Intercept . | . . . Construction Impeded . | . . . Haulers Reinforced . | . . . Stealth | -11 -10 -9 --------- Run | Scr Mat Mat Distress Signals 3 | . . 3 Communications Jammed . | . . . Distress Signals . | . . . Times Spotted 22 | . 7 15 Peak Tracking Total 6 | . 3 6 Tactical Retreats 4 | . 2 2 Traps | -11 -10 -9 ------- Run | Scr Mat Mat Traps Triggered 1 | . 1 . Indirectly . | . . . Trap Hack Attempts . | . . . Triggered . | . . . Disarmed . | . . . Reprogrammed . | . . . Reused . | . . . Traps Extracted . | . . . Installed . | . . . Triggered . | . . . Machines | -11 -10 -9 ---------- Run | Scr Mat Mat Machines Disabled . | . . . Max in Single Turn . | . . . Machines Sabotaged . | . . . Garrisons Compromised . | . . . Overloaded Fab Kills . | . . . Fab Network Shutdowns . | . . . Hacking | -11 -10 -9 --------- Run | Scr Mat Mat Machines Accessed . | . . . Terminals . | . . . Fabricators . | . . . Repair Stations . | . . . Recycling Units . | . . . Scanalyzers . | . . . Garrison Access . | . . . Total Hacks . | . . . Successful . | . . . Failed . | . . . Catastrophic . | . . . Database Lockouts . | . . . Manual . | . . . Terminals . | . . . Fabricators . | . . . Repair Stations . | . . . Recycling Units . | . . . Scanalyzers . | . . . Garrison Access . | . . . Terminal Hacks . | . . . Fabricator Hacks . | . . . Repair Station Hacks . | . . . Recycling Unit Hacks . | . . . Scanalyzer . | . . . Garrison Access Hacks . | . . . Unauthorized Hacks . | . . . Terminals . | . . . Fabricators . | . . . Repair Stations . | . . . Recycling Units . | . . . Scanalyzers . | . . . Garrison Access . | . . . Data Cores Recovered . | . . . Used . | . . . Hacking Detections . | . . . Full Trace Events . | . . . Feedback Events . | . . . Feedback Blocked . | . . . Robot Schematics Acquired . | . . . Robots Built . | . . . Matter . | . . . Time . | . . . Total Robot Build Rating . | . . . Part Schematics Acquired . | . . . Parts Built . | . . . Matter . | . . . Time . | . . . Total Part Build Rating . | . . . Parts Repaired . | . . . Time . | . . . Parts Recycled . | . . . Recycled Matter . | . . . Retrieved Matter . | . . . Retrieved Components . | . . . Parts Scanalyzed . | . . . Part Schematics Acquired . | . . . Parts Damaged . | . . . Bothacking | -11 -10 -9 ------------ Run | Scr Mat Mat Used RIF Installer . | . . . Robots Hacked . | . . . Non-combat . | . . . Combat . | . . . Robot Hacks Applied . | . . . Relay Couplers Released . | . . . Robots Rewired . | . . . Allies Hacked . | . . . Hacks Repelled . | . . . Allies | -11 -10 -9 -------- Run | Scr Mat Mat Total Allies . | . . . Largest Group . | . . . Highest-Rated Group . | . . . Highest-Rated Ally . | . . . Total Orders . | . . . Ally Attacks . | . . . Total Damage . | . . . Kills . | . . . Allies Corrupted . | . . . Allies Melted . | . . . Intel | -11 -10 -9 ------- Run | Scr Mat Mat Robot Analysis Total . | . . . Derelict Logs Recovered . | . . . Drone Launches . | . . . Drone Recoveries . | . . . Exploration | -11 -10 -9 ------------- Run | Scr Mat Mat Turns Passed 663 | 91 274 298 Spaces Moved 351 | 56 149 146 Core 13 | 11 . 2 Treads 101 | 45 56 . Legs 22 | . 22 . Wheels 215 | . 71 144 Hover . | . . . Flight . | . . . Fastest Speed 50 | 50 90 86 Average Speed 109 | 138 120 87 Slowest Speed 200 | 160 160 200 Overloaded Moves . | . . . Propulsion Burnouts . | . . . Robots Hopped . | . . . Cave-ins Triggered . | . . . Exploration Rate (%) 16 | 4 25 20 Regions Visited 2 Branch Regions . Pre-discovered Areas . | . . . Known Exits Taken . | . . . Unknown Exits Taken 2 | 1 1 . Scrap Searched . | . . . Spaces Dug . | . . . Terrain Destroyed . | . . . Melee . | . . . Projectile . | . . . AOE . | . . . Actions | -11 -10 -9 --------- Run | Scr Mat Mat Total 510 | 70 196 244 Wait 46 | . . 46 Move 349 | 55 148 146 Hop . | . . . Pick Up 25 | 9 11 5 Fast Attach 1 | . . 1 Attach 12 | 6 4 2 Detach . | . . . Swap 9 | . 6 3 Drop 9 | . 5 4 Fire . | . . . Melee 59 | . 22 37 Ram . | . . . Kick . | . . . Crush . | . . . Escape Stasis . | . . . Rewire . | . . . Trap . | . . . Miscellaneous . | . . . Route ------- -11/Scrapyard -10/Materials -9/Materials History --------- Turn | Location | Event 9 | -11/Scrapyard | Discovered new exit (range 15) 92 | -11/Scrapyard | Entered Materials 318 | -10/Materials | Build established: Mutant 322 | -10/Materials | Discovered new exit (range 11) 366 | -10/Materials | Entered another Materials area 366 | -9/Materials | Evolved 2 slots: Propulsion x1, Utility x1 631 | -9/Materials | Core integrity fell below 50% 655 | -9/Materials | Core integrity fell below 20% 663 | -9/Materials | Lost 5 parts (1p3n1u) 664 | -9/Materials | Destroyed by G-47 Trooper with Particle Gun Last Messages --------------- G-34 Mercenary misfires. G-34 Mercenary IFF system glitched. Imp. Ion Engine destroyed. G-34 Mercenary knocked back. Destroyed Sml. Laser. G-34 Mercenary system corrupted by crushing effect. G-34 Mercenary system terminally corrupted. Heat Sink fried. Ion Engine fried. Aluminum Leg fried. System corrupted: Hvy. Mace targeting data glitched. Com. Wheel destroyed. W-16 Scout sends out distress signal. G-34 Mercenary destroyed. Destroyed Sml. Laser. G-34 Mercenary system corrupted by crushing effect. G-34 Mercenary system terminally corrupted. System corrupted: Component data lost. G-47 Trooper knocked back. U-05 Engineer builds a Door. Map ----- +----------------------------------------------------+ | ?????????????????????????????????????????????????? | | ?????????????????????????????????????????????????? | | ?????????????????????????????????????????????????? | | ?????????????????????????????????????????????????? | | ?????????????????????????????????????????????????? | | ?????????????????????????????????????????????????? | | ?????????????????????????????????????????????????? | | ?????????????????????????????????????????????????? | | ?????????????????????????????????????????????????? | | ?????????????????????????????????????????????????? | | ?????????????????????????????????????????????????? | | ?????????????????????????????????????????????????? | | ?????????????????????????????????????????????????? | | ?????????????????????????????????????????????????? | | ?????????????????????????????????????????????????? | | ?????????????????????????????????????????????????? | | ????????????????????????????????????#????????????? | | ??????????????????????????????????? #????????????? | | ?????????????????????????????????? #????????????? | | ???????????????????????????? ???? #????????????? | | ????????????????????????????/#??# ##???????????? | | ???????????????????????????? ### #???????????? | | ???????????????????######## #???????????? | | ???????????????????# """ + +???????????? | | ???????????????????# "T"%Y# #???????????? | | ???????????????????# !@# #???????????? | | ???????????????????# #% """ #???????????? | | ???????????????????# = %+% """ #???????????? | | ???????????????????# g# """ #???????????? | | ???????????????????###+#### #???????????? | | ???????????########### ### #???????????? | | ???????? #???????????? | | ???????? [ #???????????? | | ???????? #?????####### | | ?????????################# "" #?????#!!//!! | | ?????????????????????????# "" #?????#!! /!! | | ?????????#######?????????# T" #?????# / | | ?????????# ########### "" ####### | | ?????????# "" | | ?????????# !=% | | ?????????# ![=% | | ?????????# ##########+#############+######+### | | ????????####+#####???# =%%* #?????# # ! | | ????????# !#???# """ #?????# # | | ????????# """ #???# "T%! #?????#""" # | | ????????# """ ! #???# """ #?????#""" # | | ????????#/ """ #???# #?????#""" # | | ????????# #???# """ #?????# # | | ????????#!! #???# """ #?????############## | | ????????#! #???# """ #??????????????????? | +----------------------------------------------------+ Best States ------------- Heat Dissipation 28 Energy Generation 12 Energy Capacity 265 Matter Stores 300 Matter Capacity 300 Sight Range 18 Robot Scan Range 13 Terrain Scan Density 10 Armor Coverage 150 Evasion (%) 50 Recoil Reduction 2 Item Schematics ----------------- None Robot Schematics ------------------ None Fabricated ------------ Nothing Alien Tech Used ----------------- None Achievements -------------- None Challenges ------------ None Game ------ Seed FusionSmartbombScrap Manual? 0 Play Time 00:09:39 Cumulative 6.9 hours Start 2019.11.02 @ 13:25:13 End 2019.11.02 @ 13:33:33 Sessions 1 Manual Loads 0 Difficulty Rogue Special Mode None Game No. 13 Rogue 13 Adventurer 0 Explorer 0 Win Type - Total 0 Types 0/0/0/0/0/0/0 Lore% 1 Gallery% 14 Achievement% 11 Wizard Run 0 Options --------- ASCII 1 Keyboard 0 Movement Numpad Keybinds 0 Fullscreen 2 Font 18/TerminusBold Map View 76x50 Tactical HUD 0 Map Filters NONE Filters BRIGHTNESS(150)|SATURATION(80) Steam 1 RUN: 18368ae0-e52b-4582-8886-307fd20c5e82